 Dungeon Crawl Stone Soup version 0.32-a0-779-g362cfcae2a (webtiles) character file.

Game seed: 9949175739733693840

210 ezpacito the Trooper (level 5, 0/42 HPs)
             Began as a Coglin Chaos Knight on Mar 20, 2024.
             Was a Plaything of Xom.
             Slain by Sigmund
             ... wielding a +0 scythe
              (9 damage)
             ... on level 3 of the Dungeon.
             The game lasted 00:01:45 (1834 turns).

ezpacito the Trooper (Coglin Chaos Knight)          Turns: 1834, Time: 00:01:46

Health: 0/42       AC:  9    Str: 14    XL:     5   Next: 88%
Magic:  6/6        EV:  6    Int: 12    God:    Xom [..*...]
Gold:   120        SH:  0    Dex: 13    Spells: 6/6 levels left

rFire   . . .        a - +0 hand axe (chaos) {Matsuko}
rCold   . . .        g - +0 war axe {Anan}
rNeg    . . .        p - +0 chain mail
rPois   .            (no helmet)
rElec   .            (no cloak)
rCorr   .            (no gloves)
SInv    .            (no boots)
Will    .....        (amulet unavailable) Stlth
                     (ring unavailable)
HPRegen 0.27/turn    (ring unavailable)
MPRegen 0.10/turn    (no gizmo)

%: no passive effects
@: revving
A: off-hand wielding, slow wielding, warmup strikes, no jewellery
a: Invent Gizmo, Renounce Religion


You were on level 3 of the Dungeon.
You worshipped Xom.
You were a toy of Xom.
You visited 1 branch of the dungeon, and saw 3 of its levels.

You collected 120 gold pieces.

Inventory:

Hand Weapons
 a - a +0 hand axe of chaos (weapon) {Matsuko}
 g - a +0 war axe (offhand) {Anan}
 q - a +0 trident
Missiles
 j - 5 darts of dispersal (quivered)
Armour
 p - a +0 chain mail (worn)
Scrolls
 b - a scroll of amnesia {unknown}
 c - a scroll of butterflies
 d - 3 scrolls of revelation {unknown}
 e - 2 scrolls of blinking {unknown}
 f - a scroll of fog {unknown}
 h - a scroll of fear {unknown}
 k - 2 scrolls of identify {unknown}
 l - a scroll of poison {unknown}
 o - a scroll of teleportation {unknown}
 r - a scroll of enchant weapon {unknown}
Potions
 i - 2 potions of ambrosia {unknown}
 m - 2 potions of curing {unknown}
 n - 2 potions of heal wounds {unknown}


   Skills:
 * Level 3.8 Fighting
 * Level 3.7(3.9) Axes
 + Level 1.4(2.6) Polearms
 * Level 2.7 Armour
 * Level 2.1 Dodging
 + Level 1.0 Stealth
 + Level 1.0 Spellcasting


You had 6 spell levels left.
You didn't know any spells.
Your spell library contained the following spells:

 Spells                   Type           Power      Damage    Failure   Level
 Frozen Ramparts          Ice            0%         1d1       100%        3
 Ozocubu's Armour         Ice            0%         N/A       100%        3
 Animate Dead             Necr           0%         N/A       100%        4
 Borgnjor's Vile Clutch   Necr/Erth      0%         N/A       100%        5
 Metabolic Englaciation   Hex/Ice        0%         N/A       100%        5
 Death Channel            Necr           0%         N/A       100%        6


Dungeon Overview and Level Annotations

Branches:
Dungeon (3/15)

Altars:
Dithmenos
Gozag

Annotations:
D:3 Sigmund


Innate Abilities, Weirdness & Mutations

You can wield a second weapon in your off-hand.
It takes a long time for you to wield or remove held weapons.
Your first few attacks do less damage.
You cannot equip rings or amulets.


Message History

Something hits you but does no damage.
You barely miss the orc with your +0 war axe.
You hit something with your +0 war axe. You hit the orc with your +0 war axe.
You closely miss the orc with your +0 hand axe of chaos.
You hit something with your +0 hand axe of chaos.
You freeze something.
You hit the orc with your +0 hand axe of chaos.
Lightning courses through the orc!
You kill the orc!
Something completely misses you. The orc hits you but does no damage.
Something hits you.
You barely miss the orc with your +0 war axe.
You slash something with your +0 war axe!
Reactivating autopickup.
You feel a bit more experienced.
You slash the orc with your +0 hand axe of chaos!
You kill the orc!
Something completely misses you.
Your Stealth skill increases to level 1!
Your Spellcasting skill increases to level 1!
Something hits you.
Deactivating autopickup; reactivate with Ctrl-A.
Items here: ( )))) [[ ††.
You take 1 damage, and have 26/42 hp.
You hit something with your +0 hand axe of chaos.
You burn something. Something hits you but does no damage.
You hit something but do no damage.
You miss something with your +0 hand axe of chaos.
You hear some strange, mumbled words.
A puff of flame appears from out of thin air!
The puff of flame hits you.
You take 3 damage, and have 24/42 hp.
You hit something with your +0 hand axe of chaos.
Nothing appears to happen.
Something hits you!
* * * LOW HITPOINT WARNING * * *
You take 15 damage, and have 9/42 hp.
MASSIVE DAMAGE!!
You barely miss something with your +0 hand axe of chaos.
Something hits you!
You die... "It was about time."

##.....##
##.......##
#.........#
+.........+
#.........#
#.......#
#...{.# #)@)#
#######*##
........######
.#####.......#
#...###.#
#.....#
###.###
#.....#
#.#.###


You could see a friendly battlesphere.

Vanquished Creatures
  A jelly (D:2)
  An orc wizard (D:3)
  Natasha (thrice) (D:2)
  2 adders (D:3)
  11 orcs (D:3)
  4 bats
  7 endoplasms
  2 giant cockroaches
  8 goblins
  A hobgoblin (D:3)
  3 kobolds
  2 quokkas
  2 ball pythons
  3 frilled lizards
  5 rats
55 creatures vanquished.

Notes
Turn   | Place    | Note
-------+----------+-------------------------------------------
     0 | D:1      | ezpacito the Coglin Chaos Knight began the quest for the
                  | Orb.
     0 | D:1      | Reached XP level 1. HP: 18/18 MP: 1/1
   193 | D:1      | Reached skill level 1 in Dodging
   205 | D:1      | XOM is BORED!
   205 | D:1      | XOM: silly message
   236 | D:1      | Found a faded altar of an unknown god.
   442 | D:1      | Reached XP level 2. HP: 24/24 MP: 2/2
   691 | D:1      | XOM: silly message
   760 | D:1      | XOM: divination: detect items
   899 | D:2      | Reached XP level 3. HP: 23/29 MP: 3/3
   985 | D:2      | Reached XP level 4. HP: 35/35 MP: 4/4
  1133 | D:2      | XOM: silly message
  1232 | D:2      | Noticed Natasha
  1237 | D:2      | Killed Natasha
  1238 | D:2      | Reached skill level 1 in Polearms
  1356 | D:2      | Noticed Natasha
  1360 | D:2      | Killed Natasha
  1369 | D:2      | Noticed Natasha
  1372 | D:2      | XOM: silly message
  1374 | D:2      | Killed Natasha
  1375 | D:2      | Reached XP level 5. HP: 42/42 MP: 5/5
  1677 | D:3      | Found a shadowy altar of Dithmenos.
  1782 | D:3      | Found an opulent altar of Gozag.
  1818 | D:3      | Noticed Sigmund
  1826 | D:3      | XOM: cast spell 'Iskenderun's Battlesphere'
  1829 | D:3      | Reached skill level 1 in Stealth
  1829 | D:3      | Reached skill level 1 in Spellcasting
  1834 | D:3      | Slain by Sigmund

Illustrated notes

Levels and vault maps discovered:
D:1:      wheals_arrival_shading, layout_basic,
          dreamdust_ecumenical_altar_hidden_monk_grotto, nrook_loot_triangle,
          corner_web_ring
D:2:      layout_rooms, small_statue_intersection, uniq_natasha
D:3:      wander_river, layout_loops_corners,
          nicolae_gozag_cash_rules_everything_around_me, lemuel_tele_altar,
          uniq_sigmund

Skill      XL: |  1  2  3  4  5 |
---------------+----------------+-----
Dodging        | 1 2 |  2.1
Armour         | 2 |  2.7
Polearms       | 1 |  1.4
Stealth        | 1 |  1.0
Spellcasting   | 1 |  1.0
Fighting       | |  3.8
Axes           | |  3.7

Action                     |  1- 3 |  4- 6 || total
---------------------------+-------+-------++-------
  Melee: Hand axe          |    35 |    50 ||    85
         War axe           |    35 |    47 ||    82
 Armour: Leather armour    |    26 |    10 ||    36
         Chain mail        |       |    63 ||    63
  Dodge: Dodged            |    10 |    26 ||    36

Table legend: (Time is in decaauts)
 A = Elapsed time spent in this place.
 B = Non-inter-level travel time spent in this place.
 C = Inter-level travel time spent in this place.
 D = Time resting spent in this place.
 E = Time spent auto-exploring this place.
 F = Levels seen in this place.
 G = Mean time per level.
                   A        B        C        D        E       F      G
               +--------+--------+--------+--------+--------+-----+--------+
         Total |   1873 |   1682 |    191 |     58 |   1311 |   3 |  624.3 |
       Dungeon |   1873 |   1682 |    191 |     58 |   1311 |   3 |  624.3 |
               +--------+--------+--------+--------+--------+-----+--------+

Top non-repeatable levels by time:
     D:1: 895 daAuts
     D:2: 500 daAuts
     D:3: 478 daAuts
